 Dungeon Crawl Stone Soup version 0.24-a0-619-gb7544fd237 (webtiles) character file.

Game seed: 3273439852073633691, levelgen mode: deterministic

34854 PeterQ the Grappler (level 13, -10/124 HPs)
             Began as a Troll Hunter on Sept 18, 2019.
             Was a High Priest of Okawaru.
             Mangled by Nessos the black mamba (14 damage)
             ... on level 13 of the Dungeon.
             The game lasted 00:23:04 (13105 turns).

PeterQ the Grappler (Troll Hunter)                 Turns: 13105, Time: 00:23:05

Health: -10/124    AC:  0    Str: 23    XL:     13   Next: 44%
Magic:  18/18      EV: 34    Int:  7    God:    Okawaru [*****.]
Gold:   797        SH:  0    Dex: 14    Spells: 12/12 levels left

rFire    . . .     SeeInvis .     - Unarmed
rCold    . . .     Gourm    +   (shield currently unavailable)
rNeg     . . .     Faith    .   (armour currently unavailable)
rPois    .         Spirit   .   (helmet currently unavailable)
rElec    .         Reflect  .   (cloak currently unavailable)
rCorr    .         Harm     .   (gloves unavailable)
MR       .....                  (boots unavailable)
Stlth    ++........             L - amulet of the acrobat
HPRegen  0.70/turn              (ring currently unavailable)
MPRegen  0.16/turn              (ring currently unavailable)

@: pig-form, acrobat, very quick
A: small, unfitting armour, fast metabolism 3, gourmand, regeneration 1
a: Heroism, Finesse, Renounce Religion


You were on level 13 of the Dungeon.
You worshipped Okawaru.
Okawaru was extremely pleased with you.
You were not hungry.
You were a filthy swine.
You visited 3 branches of the dungeon, and saw 17 of its levels.
You visited the Abyss 1 time.
You also visited: Ice Cave.

You collected 797 gold pieces.

Inventory:

Missiles
 c - 9 large rocks
 d - 3 throwing nets
 s - 48 poisoned darts
 D - 16 silver javelins (quivered)
 H - 6 atropa-tipped darts
 M - 3 boomerangs of dispersal
Armour
 e - +0 storm dragon scales (melded)
 t - a +0 cloak (melded)
 E - the +1 hat of Curiosity (melded) {rElec rF+ rC+}
   (Okawaru gifted it to you on level 9 of the Dungeon)

   It protects you from fire.
   It protects you from cold.
   It insulates you from electricity.
 J - a +0 troll leather armour
 Q - the +0 robe of the Hunter {rF+ rCorr Int-4}
   (Okawaru gifted it to you on level 13 of the Dungeon)

   It affects your intelligence (-4).
   It protects you from fire.
   It provides partial protection from all sources of acid and corrosion.
 S - a +0 shield (melded)
Jewellery
 b - a +2 ring of strength (melded)
 p - a +5 ring of dexterity (melded)
 r - an uncursed ring of resist corrosion
 x - an uncursed ring of protection from fire
 y - an uncursed ring of protection from fire
 z - an uncursed ring of protection from cold
 L - an amulet of the acrobat (around neck)
 O - an uncursed ring of ice {unknown}
Wands
 h - a wand of random effects (38)
 A - a wand of polymorph (5)
 K - a wand of flame (35)
Scrolls
 i - a scroll of holy word {unknown}
 j - 3 scrolls of fear
 k - 2 scrolls of immolation
 l - 10 scrolls of remove curse
 n - 8 scrolls of teleportation
 o - 3 scrolls of enchant weapon
 q - 4 scrolls of fog
 v - 2 scrolls of enchant armour
 G - 3 scrolls of magic mapping
Potions
 a - 2 potions of heal wounds
 g - 2 potions of invisibility
 m - 4 potions of curing
 u - 2 potions of mutation
 w - 3 potions of haste
 B - a potion of ambrosia
 C - a potion of magic {unknown}
 F - 2 potions of flight
 I - 3 potions of agility
 N - a potion of brilliance
 P - a potion of cancellation {unknown}
 R - a potion of might {unknown}
Comestibles
 f - 27 rations


   Skills:
 + Level 7.1 Fighting
 - Level 6.0 Throwing
 + Level 7.1 Armour
 + Level 7.1 Dodging
 - Level 1.0 Stealth
 - Level 9.0 Shields
 - Level 11.0 Unarmed Combat
 + Level 8.1 Invocations


You had 12 spell levels left.
You didn't know any spells.
Your spell library contained the following spells:

 Spells                   Type           Power        Failure   Level  Hunger
 Animate Skeleton         Necr           N/A          43%         1    ##.....
 Apportation              Tloc           #.....       43%         1    ##.....
 Confusing Touch          Hex            #.....       43%         1    ##.....
 Flame Tongue             Conj/Fire      #....        43%         1    ##.....
 Freeze                   Ice            #...         43%         1    ##.....
 Sting                    Conj/Pois      #...         43%         1    ##.....
 Summon Small Mammal      Summ           #...         43%         1    ##.....
 Poisonous Vapours        Pois/Air       #.....       56%         2    ###....
 Throw Flame              Conj/Fire      #.....       56%         2    ###....
 Throw Frost              Conj/Ice       #.....       56%         2    ###....
 Conjure Flame            Conj/Fire      #.......     80%         3    ####...
 Inner Flame              Hex/Fire       #.......     80%         3    ####...
 Mephitic Cloud           Conj/Pois/Air  #.......     80%         3    ####...
 Ozocubu's Armour         Chrm/Ice       #.......     80%         3    ####...
 Olgreb's Toxic Radiance  Pois           #.......     99%         4    #####..
 Sticky Flame             Conj/Fire      #.......     99%         4    #####..
 Summon Ice Beast         Ice/Summ       #.......     99%         4    #####..
 Throw Icicle             Conj/Ice       #.......     99%         4    #####..
 Fireball                 Conj/Fire      #.........   100%        5    ######.
 Venom Bolt               Conj/Pois      #.........   100%        5    ######.


Dungeon Overview and Level Annotations

Branches:
Dungeon (13/15)            Temple (1/1) D:5            Lair (3/6) D:8
  Snake (0/4) Lair:2          Orc (0/2) D:12          IceCv (visited)
  Swamp: Lair:2-4    Shoals: Lair:2-4    Vaults: D:13-14

Altars:
Ashenzari
Cheibriados
Dithmenos
Elyvilon
Fedhas
Gozag
Hepliaklqana
Kikubaaqudgha
Makhleb
Nemelex Xobeh
Okawaru
Qazlal
Ru
Sif Muna
Trog
Uskayaw
Vehumet
Wu Jian
Xom
Yredelemnul
Zin
The Shining One
Beogh

Shops:
D:13 =

Annotations:
D:7 3 runed translucent doors, Zyracius's ghost, novice TrMo
D:9 2 transporters, Erolcha
D:10 3 runed translucent doors, skumtomte's ghost, journeyman TrMo
D:13 Nessos
Lair:2 1 runed translucent door, PeterQ's ghost, journeyman TrHu


Innate Abilities, Weirdness & Mutations

You are too large for most types of armour.
((You have claws for hands.))
Your metabolism is lightning-fast.
You like to eat raw meat.
Your natural rate of healing is unusually fast.
((You are covered in fur. (AC +1)))
((You have extremely tough skin. (AC +3)))


Message History

Press: ? - help, Shift-Dir - straight line, f - you, p - Nessos That beam is likely to hit you.
Continue anyway?
You turn into a filthy swine.
Your +0 cloak melds into your body.
The +1 hat of Curiosity {rElec rF+ rC+} melds into your body.
Your +0 shield melds into your body.
Your +0 storm dragon scales melds into your body.
Your +5 ring of dexterity melds into your body.
Your +2 ring of strength melds into your body.
You feel clumsy.
You feel weaker.
You feel sick. Nessos bites you!!
* * * LOW HITPOINT WARNING * * *
Nessos closely misses you.
You feel better. Nessos closely misses you. Nessos bites you!
* * * LOW HITPOINT WARNING * * *
Unknown command.
Press: ? - help, v - describe, . - travel
Here: Nessos the black mamba The floor, spattered with blood.
Nessos bites you!
You die...

##^.##..##...##..# #..#
#..##..##...##..# .'.
#####...#...#..(####.#####
#...'...#..(...'..)..#
#....#...#..((((#...
#....#...#......#
######'####.....#.....#
########...##...^.#.....#
#....#....hS......#.....# #
#....'............#.....#
########..##.....##.....#.....#
.......#..##'######.....#.....#
.......#..##.....#......#.....# .
.......#.........#......'.....#..
.......+.........#>.....#.....+..
.......#'###....###..####.....#.#
....####..###'########.....#+##.#


You could see Nessos the black mamba.

Vanquished Creatures
  Harold (D:7)
  5 two-headed ogres
  2 unseen horrors
  3 deep elf magi (D:12)
  3 ugly things
  An oklob plant (Lair:2)
  A cyclops (D:11)
  A centaur zombie (D:10)
  2 black mambas
  2 ice statues (IceCv)
  A gargoyle (D:13)
  8 spiny frogs
  A centaur skeleton (D:11)
  2 rime drakes (Lair:2)
  2 komodo dragons (Lair:1)
  2 kobold demonologists (D:11)
  4 trolls
  10 ice devils (IceCv)
  3 polar bears
  Grinder (D:4)
  4 slime creatures (D:13)
  9 hippogriffs
  A meliai zombie (D:12)
  A centaur simulacrum (D:11)
  A vampire (D:13)
  2 wyverns
  30 yaks
  Grum (D:11)
  Eustachio (D:9)
  A basilisk (D:8)
  A small abomination (Abyss:1)
  3 hungry ghosts
  2 wargs (D:11)
  2 acid dragons
  Duvessa (D:6)
  3 porcupines
  8 water moccasins
  7 orc warriors
  5 sky beasts
  2 ice beasts
  A black bear (D:7)
  A phantom (D:6)
  2 wolves (D:11)
  3 centaurs
  5 ogres
  8 crocodiles
  5 big kobolds
  8 bullfrogs
  A gnoll sergeant (D:9)
  A wyvern skeleton (D:11)
  2 scorpions
  Dowan (D:6)
  18 wights
  6 killer bees (D:11)
  2 howler monkeys
  8 crimson imps
  8 jellies
  10 orc wizards
  4 orc priests
  2 bullfrog skeletons
  8 hounds
  An iguana (D:11)
  Natasha (D:4)
  7 worker ants
  3 worker ant zombies
  11 adders
  3 gnolls (D:6)
  A shadow imp (D:13)
  7 white imps (IceCv)
  8 ufetubi (IceCv)
  6 oozes
  An adder skeleton (D:6)
  5 worms
  2 dart slugs
  8 leopard geckos
  38 orcs
  6 giant cockroaches
  9 goblins
  10 hobgoblins
  7 jackals
  2 quokkas
  5 bats
  3 frilled lizards
  A jackal zombie (D:8)
  19 kobolds
  2 leopard gecko skeletons
  A quokka zombie (D:5)
  11 rats
422 creatures vanquished.

Vanquished Creatures (others)
  A reaper (IceCv)
  A white imp (IceCv)
  4 ufetubi (IceCv)
  An orc (D:9)
  A fungus (Lair:1)
  A plant (Lair:2)
9 creatures vanquished.

Grand Total: 431 creatures vanquished

Notes
Turn   | Place    | Note
-------+----------+-------------------------------------------
     0 | D:1      | PeterQ the Troll Hunter began the quest for the Orb.
     0 | D:1      | Reached XP level 1. HP: 19/19 MP: 0/0
   105 | D:1      | Reached XP level 2. HP: 28/28 MP: 1/1
   115 | D:1      | Reached skill level 1 in Unarmed Combat
   483 | D:2      | Reached XP level 3. HP: 31/35 MP: 2/2
   609 | D:1      | Reached skill level 2 in Unarmed Combat
   609 | D:1      | Reached XP level 4. HP: 31/42 MP: 3/3
   951 | D:2      | Reached skill level 1 in Stealth
  1059 | D:2      | Reached skill level 1 in Armour
  1245 | D:3      | Reached XP level 5. HP: 49/49 MP: 4/4
  1256 | D:3      | Reached skill level 3 in Unarmed Combat
  1837 | D:4      | Found a sparkling altar of Nemelex Xobeh.
  1883 | D:4      | Reached XP level 6. HP: 59/59 MP: 5/5
  1895 | D:4      | Noticed Grinder
  1909 | D:4      | Paralysed by Grinder for 7 turns
  1917 | D:4      | Killed Grinder
  1917 | D:4      | Reached skill level 4 in Unarmed Combat
  2136 | D:4      | Noticed Natasha
  2143 | D:4      | Killed Natasha
  2143 | D:4      | Reached XP level 7. HP: 67/67 MP: 6/6
  2449 | D:5      | Entered Level 5 of the Dungeon
  2770 | D:5      | Found a staircase to the Ecumenical Temple.
  2787 | Temple   | Entered the Ecumenical Temple
  2927 | Temple   | Became a worshipper of Warmaster Okawaru
  3019 | D:5      | Reached skill level 5 in Unarmed Combat
  3197 | D:6      | Found a burning altar of Makhleb.
  3197 | D:6      | Noticed Dowan
  3198 | D:6      | Noticed Duvessa
  3224 | D:6      | Killed Dowan
  3323 | D:6      | Reached skill level 1 in Invocations
  3403 | D:6      | Killed Duvessa
  3403 | D:6      | Reached * piety under Okawaru
  3403 | D:6      | Reached XP level 8. HP: 69/78 MP: 7/7
  3445 | D:6      | Found a basalt altar of Yredelemnul.
  3499 | D:6      | Reached skill level 5 in Throwing
  3526 | D:6      | Reached skill level 6 in Unarmed Combat
  3900 | D:6      | Reached ** piety under Okawaru
  4050 | D:6      | Found a glowing golden altar of the Shining One.
  4142 | D:7      | Noticed a hippogriff
  4153 | D:7      | Killed a hippogriff
  4226 | D:7      | Reached skill level 7 in Unarmed Combat
  4226 | D:7      | Reached XP level 9. HP: 85/85 MP: 10/10
  4232 | D:7      | Found a stormy altar of Qazlal.
  4257 | D:7      | Noticed Harold
  4270 | D:7      | Killed Harold
  4270 | D:7      | Reached *** piety under Okawaru
  4464 | D:7      | Found a runed translucent gate.
  4464 | D:7      | Found a runed translucent gate.
  4464 | D:7      | Found a runed translucent gate.
  4578 | D:7      | Reached skill level 8 in Unarmed Combat
  4671 | D:7      | Found a glowing silver altar of Zin.
  4715 | D:7      | Noticed Zyracius's ghost (novice TrMo)
  4855 | D:8      | Noticed a two-headed ogre
  4868 | D:8      | Killed a two-headed ogre
  4868 | D:8      | Reached **** piety under Okawaru
  4868 | D:8      | Reached skill level 5 in Fighting
  4926 | D:8      | Received a gift from Okawaru
  4966 | D:8      | Reached XP level 10. HP: 93/96 MP: 12/12
  5087 | D:8      | Reached skill level 5 in Armour
  5087 | D:8      | Reached skill level 9 in Unarmed Combat
  5468 | D:8      | Found a staircase to the Lair.
  5473 | D:8      | Reached ***** piety under Okawaru
  5774 | D:9      | Found a transporter.
  5775 | D:9      | Found a transporter.
  5791 | D:9      | Received a gift from Okawaru
  5795 | D:9      | Found an ornate altar of the Wu Jian Council.
  5803 | D:9      | Noticed Erolcha
  5816 | D:9      | Reached skill level 10 in Unarmed Combat
  5886 | D:9      | Cast into level 1 of the Abyss (Erolcha)
  5892 | Abyss:1  | Found a corrupted altar of Lugonu.
  5953 | D:9      | Escaped the Abyss
  6031 | D:9      | Noticed a two-headed ogre
  6038 | D:9      | Killed a two-headed ogre
  6038 | D:9      | Received a gift from Okawaru
  6284 | D:9      | Noticed Eustachio
  6293 | D:9      | Killed Eustachio
  6296 | D:9      | Reached XP level 11. HP: 94/107 MP: 13/13
  6306 | D:9      | Received a gift from Okawaru
  6307 | D:9      | Got a translucent hat {god gift}
  6313 | D:9      | Identified the +1 hat of Curiosity {rElec rF+ rC+} (Okawaru
                  | gifted it to you on level 9 of the Dungeon)
  6363 | D:9      | Noticed a two-headed ogre
  6370 | D:9      | Killed a two-headed ogre
  6490 | D:9      | Identified the ring "Cuepidah" {*Drain rC+ rN+ MR+ Slay+3}
  6631 | D:9      | Reached skill level 11 in Unarmed Combat
  6680 | D:10     | Entered Level 10 of the Dungeon
  6690 | D:10     | Reached skill level 1 in Shields
  6858 | D:10     | Noticed a two-headed ogre
  6865 | D:10     | Killed a two-headed ogre
  7309 | D:10     | Noticed a two-headed ogre
  7320 | D:10     | Killed a two-headed ogre
  7506 | D:10     | Found a runed translucent gate.
  7506 | D:10     | Found a runed translucent gate.
  7507 | D:10     | Found a runed translucent gate.
  7511 | D:10     | Noticed skumtomte's ghost (journeyman TrMo)
  7797 | D:11     | Found a bloodstained altar of Trog.
  8016 | D:11     | Reached skill level 5 in Invocations
  8209 | D:11     | Reached skill level 5 in Shields
  8245 | D:11     | Reached ****** piety under Okawaru
  8245 | D:11     | Received a gift from Okawaru
  8327 | D:11     | Noticed Grum
  8346 | D:11     | Killed Grum
  8780 | D:12     | Found a staircase to the Orcish Mines.
  8810 | D:11     | Reached XP level 12. HP: 79/118 MP: 14/14
  9818 | Lair:1   | Entered Level 1 of the Lair of Beasts
 10191 | Lair:1   | Received a gift from Okawaru
 10870 | Lair:2   | Found a frozen archway.
 10931 | IceCv    | Entered an ice cave
 11144 | IceCv    | Reached XP level 13. HP: 108/124 MP: 18/18
 11190 | IceCv    | Noticed a reaper
 11195 | IceCv    | Killed a reaper
 11297 | IceCv    | Got an ichor-stained hunting sling
 11298 | IceCv    | Identified the +6 hunting sling of Hubris {flame, rF+
                  | Int+5} (You found it in an ice cave)
 11418 | Lair:2   | Noticed PeterQ's ghost (journeyman TrHu)
 11420 | Lair:2   | Found a runed translucent door.
 11500 | Lair:2   | Reached skill level 5 in Dodging
 11618 | Lair:2   | Found a staircase to the Snake Pit.
 11768 | Lair:2   | Found an opulent altar of Gozag.
 11936 | Lair:2   | Received a gift from Okawaru
 12352 | D:9      | Found a roughly hewn altar of Beogh.
 12524 | D:13     | Received a gift from Okawaru
 12552 | D:13     | Got a steaming robe {god gift}
 12569 | D:13     | Identified the +0 robe of the Hunter {rF+ rCorr Int-4}
                  | (Okawaru gifted it to you on level 13 of the Dungeon)
 12897 | D:13     | Found Nipuig's Jewellery Boutique.
 13083 | D:13     | Noticed Nessos
 13097 | D:13     | Noticed Nessos
 13097 | D:13     | Nessos changed into Nessos the black mamba
 13103 | D:13     | HP: 3/124 [Nessos the black mamba (15)]
 13105 | D:13     | Mangled by Nessos the black mamba

Levels and vault maps discovered:
D:1:      ebering_trefoil_3fold, layout_rooms
D:2:      layout_basic, first_ration
D:3:      layout_rooms, kennysheep_cluttered_room
D:4:      layout_gridville, overflow_temple_1_default, uniq_grinder,
          uniq_natasha
D:5:      layout_basic, minmay_temple_entry_proselytizer
D:6:      layout_loops_ring, lemuel_doored_altar,
          nicolae_tso_swordbearing_angel, basic_altar, uniq_duvessa
D:7:      layout_loops_ring, lemuel_crystal_altar, zin_statuary,
          ebering_ghost_rock_garden, uniq_harold
D:8:      layout_cave_pools, erik_lair_dragon, hangedman_little_slice_of_home
D:9:      gammafunk_beogh_shrine, layout_long_grid, lemuel_round_altar,
          sword_in_stone, uniq_erolcha
D:10:     layout_cave_pods, gammafunk_ghost_necromancy
D:11:     layout_loops_ring, trog_ov_bears_minmay, uniq_grum
D:12:     layout_stronghold, david_orc_3, billiards_dpeg
D:13:     layout_gridville, david_vaults_1, serial_shops, shop, uniq_nessos
Temple:   kb_temple_of_zot
Lair:1:   layout_roguey, chequers_serial_rivers_room_a
Lair:2:   layout_gridlike, dummy_snake_entry, hellmonk_ghost_happy_afterlife,
          portal_ice_cave_rime, basic_altar, minmay_lair_oklob_chamber
Lair:3:   layout_regular_city, infiniplex_staircase_pool, lemuel_fruit_fields,
          grunt_megastairs_5

Skill      XL: |  1  2  3  4  5  6  7  8  9 10 11 12 13 |
---------------+----------------------------------------+-----
Unarmed Combat | 1 2 3 4 5 7 8 10 11 | 11.0
Fighting       | 2 3 4 5 6 7 |  7.1
Dodging        | 2 3 7 |  7.1
Stealth        | 1 |  1.0
Throwing       | 4 5 6 |  6.0
Armour         | 1 2 3 4 6 7 |  7.1
Invocations    | 1 2 4 5 8 |  8.1
Shields        | 6 9 |  9.0

Action                   |  1- 3 |  4- 6 |  7- 9 | 10-12 | 13-15 || total
-------------------------+-------+-------+-------+-------+-------++-------
Melee: Unarmed           |    89 |   233 |   250 |   912 |   258 ||  1742
       Punch             |     1 |       |     9 |    10 |       ||    20
Throw: Javelin           |       |       |       |     6 |       ||     6
Evoke: Wand              |       |       |       |       |     2 ||     2
  Use: Scroll            |       |     2 |       |    19 |       ||    21
       Potion            |       |       |       |       |     1 ||     1
  Eat: Chunk             |     6 |    19 |    28 |    69 |    12 ||   134
       Ration            |       |       |     1 |       |       ||     1
Armor: Robe              |     3 |       |       |       |       ||     3
       Storm dragon scal |    85 |   141 |   160 |   528 |   121 ||  1035
Dodge: Dodged            |    34 |    73 |    71 |   221 |    88 ||   487
Block: Shield            |       |       |       |   398 |   133 ||   531

Table legend:
 A = Non-vault XP
 B = Vault XP
 C = Vault XP percentage of total XP
 D = Non-vault monster count
 E = Vault monster count
 F = Vault count percentage of total count
                 A         B        C        D         E       F
            +---------+---------+-------+---------+---------+-------
      Total |   37127 |   12665 |  25.4 |     349 |      73 |  17.3
            +---------+---------+-------+---------+---------+-------
        D:1 |      80 |       0 |   0.0 |      21 |       0 |   0.0
        D:2 |     109 |       0 |   0.0 |      35 |       0 |   0.0
        D:3 |     123 |       0 |   0.0 |      29 |       0 |   0.0
        D:4 |     120 |     317 |  72.5 |       7 |       2 |  22.2
        D:5 |     240 |      41 |  14.6 |       9 |       1 |  10.0
        D:6 |    1207 |     219 |  15.4 |      26 |       2 |   7.1
        D:7 |     831 |     987 |  54.3 |      12 |       1 |   7.7
        D:8 |    2149 |     818 |  27.6 |      22 |      12 |  35.3
        D:9 |    4377 |     534 |  10.9 |      21 |       5 |  19.2
       D:10 |    3566 |       0 |   0.0 |      34 |       0 |   0.0
       D:11 |    4656 |    1492 |  24.3 |      49 |       8 |  14.0
       D:12 |    2462 |    1595 |  39.3 |       7 |       8 |  53.3
       D:13 |    4203 |     920 |  18.0 |      19 |       3 |  13.6
     Lair:1 |    6717 |       0 |   0.0 |      28 |       0 |   0.0
     Lair:2 |    6102 |    1385 |  18.5 |      29 |       4 |  12.1
    Abyss:1 |     185 |       0 |   0.0 |       1 |       0 |   0.0
      IceCv |       0 |    4357 | 100.0 |       0 |      27 | 100.0
            +---------+---------+-------+---------+---------+-------
